 Dungeon Crawl Stone Soup version 0.31-a0-435-g2c6fae2916 (webtiles) character file.

Game seed: 2492156298382470786

718 LeprechaunX the Ruffian (level 7, -6/46 HPs)
             Began as an Octopode Shapeshifter on Aug 1, 2023.
             Mangled by a yak (13 damage)
             ... on level 7 of the Dungeon.
             The game lasted 00:05:41 (3301 turns).

LeprechaunX the Ruffian (Octopode Shapeshifter)     Turns: 3301, Time: 00:05:42

Health: -6/46      AC:  5    Str: 16    XL:     7   Next: 70%
Magic:  7/7        EV: 14    Int: 11    God:
Gold:   141        SH:  0    Dex: 12    Spells: 6/6 levels left

rFire   . .          .
                       - Unarmed
rCold   . . .        (no shield)
rNeg    . . .        (helmet currently unavailable)
rPois   .            (no amulet)
rElec   .            h - +4 ring of protection
rCorr   .            (no ring)
SInv    .            (no ring)
Will    .....        (no ring)
Stlth   ++           (no ring)
HPRegen 0.27/turn    (no ring)
MPRegen 0.10/turn    (no ring)
                     (no ring)

%: no passive effects
@: beast-form
A: beast (slay +2), almost no armour, amphibious, 8 rings, camouflage 1,
gelatinous body 1, (nimble swimmer 1), tentacles
a: Begin Untransformation


You were on level 7 of the Dungeon.
You were a hulking beast.
You visited 1 branch of the dungeon, and saw 7 of its levels.

You collected 141 gold pieces.

Inventory:

Hand Weapons
 a - a +1 sling of draining
Missiles
 r - 4 darts of dispersal
Armour
 g - a +0 kite shield
Jewellery
 h - a +4 ring of protection (left tentacle)
 j - the ring of Hamysib {Ice *Slow Int+3 Stlth+}
   (You found it on level 2 of the Dungeon)

   [ring of ice]

   It enhances your ice magic.
   Int:       It affects your intelligence (+3).
   rF:        It makes you vulnerable to fire.
   rC:        It protects you from cold.
   *Slow:     It may slow you when you take damage.
   Stlth:     It makes you more stealthy.
Talismans
 b - a beast talisman (active)
Wands
 p - a wand of flame (17)
Scrolls
 e - a scroll of revelation {unknown}
 f - a scroll of enchant armour {unknown}
 i - 4 scrolls of identify {unknown}
 k - 2 scrolls of fog {unknown}
 n - a scroll of brand weapon {unknown}
 o - 2 scrolls of teleportation {unknown}
Potions
 c - 2 potions of mutation {unknown}
 d - a potion of lignification
 l - a potion of haste {unknown}
 m - a potion of heal wounds {unknown}
 q - a potion of ambrosia {unknown}
 s - a potion of curing {unknown}


   Skills:
 + Level 3.6 Fighting
 + Level 4.1 Dodging
 * Level 6.0 Unarmed Combat
 + Level 4.2 Shapeshifting


You had 6 spell levels left.
You didn't know any spells.
Your spell library contained the following spells:

 Spells                   Type           Power      Damage    Failure   Level
 Scorch                   Fire           0%         2d5       47%         2
 Flame Wave               Conj/Fire      0%         2d4       98%         4
 Summon Cactus Giant      Summ           0%         N/A       100%        6


Dungeon Overview and Level Annotations

Branches:
Dungeon (8/15)
 Temple: D:4-7         Lair: D:8-11

Altars:
Nemelex Xobeh
Sif Muna


Innate Abilities, Weirdness & Mutations

You are a hulking beast.
Your limbs bulge with bestial killing power. (Slay +2)
You cannot wear most types of armour.
You are amphibious.
You can wear up to eight rings at the same time.
Your skin changes colour to match your surroundings (Stealth+).
Your rubbery body absorbs attacks. (AC +1, EV +1)
((You are camouflaged when in or above water. (Stealth+)))
You have tentacles for arms and can constrict up to eight enemies at once.


Message History

You bludgeon the gnoll!
You kill the gnoll!
Your Unarmed Combat skill increases to level 6!
Found a stone.
Found 11 gold pieces.
Found a cloak.
You see here a +0 cloak.
Found a stone staircase leading up. 2 yaks come into view. 4 yaks come into view.
The yak bellows! x3
The yak bellows! x2
You bludgeon the yak! You squeeze the yak, but do no damage.
The yak is moderately wounded.
The yak barely misses you. The yak completely misses you.
The yak closely misses you. The yak gores you but does no damage.
The yak attacks as you move away! The yak barely misses you.
The yak attacks as you move away! The yak barely misses you.
The yak attacks as you move away! The yak gores you.
The yak attacks as you move away! The yak gores you but does no damage.
The yak attacks as you move away! The yak gores you but does no damage.
The yak attacks as you move away! The yak closely misses you.
The yak misses you. The yak attacks as you move away! The yak gores you!
The yak gores you! The yak attacks as you move away! The yak gores you.
There is a stone staircase leading up here.
The yak barely misses you.
You climb upwards.
The orc shouts!
The orc wizard shouts!
The orc shouts!
There is a stone staircase leading down here.
Unknown command.
The yak attacks as you move away! The yak closely misses you.
The orc wizard attacks as you move away!
The orc wizard hits you but does no damage.
The yak gores you!
* * * LOW HITPOINT WARNING * * *
The orc shouts!
The yak attacks as you move away! The yak gores you!
You die...

#.##
#....####
#.##....#
##....##h#
.......YY#
#####o#.o#
# ..o#
##o.# ..o#
..## ....
....


You could see 2 yaks, an orc priest, an orc wizard and 3 orcs.

Vanquished Creatures
  Menkaure (D:4)
  Blork the orc (D:4)
  A scorpion (D:4)
  A bullfrog (D:8)
  A jelly (D:4)
  A hound (D:4)
  An orc priest (D:4)
  Jessica (D:3)
  An iguana (D:4)
  Natasha (twice) (D:2)
  An orc wizard (D:4)
  Terence (D:2)
  Robin (D:4)
  4 gnolls
  3 adders
  An ufetubus (D:4)
  3 dart slugs
  3 orcs (D:4)
  12 ball pythons
  4 endoplasms
  4 giant cockroaches
  17 goblins
  11 hobgoblins
  3 jackals (D:3)
  4 quokkas
  6 bats
  3 frilled lizards
  4 kobolds
  2 rats (D:1)
98 creatures vanquished.

Notes
Turn   | Place    | Note
-------+----------+-------------------------------------------
     0 | D:1      | LeprechaunX the Octopode Shapeshifter began the quest for
                  | the Orb.
     0 | D:1      | Reached XP level 1. HP: 13/13 MP: 1/1
    85 | D:1      | Reached XP level 2. HP: 18/18 MP: 2/2
   284 | D:1      | Reached XP level 3. HP: 23/23 MP: 3/3
   947 | D:2      | Noticed Terence
   954 | D:2      | Killed Terence
   955 | D:2      | Reached XP level 4. HP: 29/29 MP: 4/4
   995 | D:2      | Identified the ring of Hamysib {Ice *Slow Int+3 Stlth+}
  1026 | D:2      | Noticed Natasha
  1030 | D:2      | Killed Natasha
  1031 | D:2      | Reached skill level 4 in Unarmed Combat
  1072 | D:2      | Reached XP level 5. HP: 17/34 MP: 5/5
  1368 | D:2      | Noticed Natasha
  1373 | D:2      | Killed Natasha
  1586 | D:3      | Found a faded altar of an unknown god.
  1686 | D:3      | Found a shimmering blue altar of Sif Muna.
  1787 | D:3      | Noticed Jessica
  1789 | D:3      | Killed Jessica
  1819 | D:3      | Found a sparkling altar of Nemelex Xobeh.
  2122 | D:4      | Reached XP level 6. HP: 35/41 MP: 6/6
  2284 | D:4      | Noticed Menkaure
  2296 | D:4      | Killed Menkaure
  2297 | D:4      | Reached skill level 5 in Unarmed Combat
  2326 | D:4      | Noticed Blork the orc
  2334 | D:4      | Identified the +2 helmet of Elyvilon's Whim {Fly rF+ Dex-2}
  2334 | D:4      | Noticed Robin
  2338 | D:4      | Killed Blork the orc
  2339 | D:4      | Reached XP level 7. HP: 46/46 MP: 7/7
  2348 | D:4      | Killed Robin
  3088 | D:5      | Entered Level 5 of the Dungeon
  3122 | D:5      | You fall into a shaft and drop 3 floors!
  3197 | D:8      | Noticed a two-headed ogre
  3243 | D:8      | Reached skill level 6 in Unarmed Combat
  3280 | D:8      | Noticed a yak
  3280 | D:8      | Noticed a yak
  3281 | D:8      | Noticed a yak
  3281 | D:8      | Noticed a yak
  3281 | D:8      | Noticed a yak
  3281 | D:8      | Noticed a yak
  3301 | D:7      | Mangled by a yak

Illustrated notes

Levels and vault maps discovered:
D:1:      dpeg_arrival_arbitrary_a, layout_basic, kennysheep_minor_cross
D:2:      layout_basic, hangedman_decor_push, uniq_natasha, uniq_terence
D:3:      layout_basic, led_sif_pool, mainiacjoe_overflow_concentric_impassable,
          dreamdust_ecumenical_altar_statues, serial_bayou,
          serial_bayou_lagoon_a, serial_bayou_pond_a, serial_bayou_pond_d,
          serial_bayou_pond_a, serial_bayou_pond_a, serial_bayou_pond_e,
          uniq_jessica
D:4:      layout_loops_ring, st_stairs_10, kennysheep_flooded_box,
          uniq_blork_the_orc, uniq_robin, uniq_menkaure
D:5:      layout_basic, minmay_temple_entry_antechambers, portal_sewer_entry_d,
          kennysheep_windowed_goal
D:7:      layout_basic, mainiacjoe_overflow_24_doors, nicolae_overflow_squiral,
          nicolae_dithmenos_through_a_glass_darkly, minivault_1
D:8:      layout_layer_cave, uniq_pikel, uniq_prince_ribbit1, uniq_maurice

Skill      XL: |  1  2  3  4  5  6  7 |
---------------+----------------------+-----
Fighting       | 2 3 |  3.6
Unarmed Combat | 4 5 6 |  6.0
Dodging        | 3 4 |  4.1
Shapeshifting  | 4 |  4.2

Action                     |  1- 3 |  4- 6 |  7- 9 || total
---------------------------+-------+-------+-------++-------
  Melee: Unarmed           |    56 |    84 |    51 ||   191
         Constrict         |    18 |    29 |    13 ||    60
         Tentacles         |    11 |    20 |    14 ||    45
         Punch             |     2 |     3 |     2 ||     7
   Fire: Sling             |       |     7 |       ||     7
   Stab: Sleeping          |     6 |     4 |     1 ||    11
 Armour: Skin              |     5 |    11 |    13 ||    29
  Dodge: Dodged            |    30 |    46 |    29 ||   105

Table legend: (Time is in decaauts)
 A = Elapsed time spent in this place.
 B = Non-inter-level travel time spent in this place.
 C = Inter-level travel time spent in this place.
 D = Time resting spent in this place.
 E = Time spent auto-exploring this place.
 F = Levels seen in this place.
 G = Mean time per level.
                   A        B        C        D        E       F      G
               +--------+--------+--------+--------+--------+-----+--------+
         Total |   3290 |   3201 |     89 |     53 |   2486 |   7 |  470.0 |
       Dungeon |   3290 |   3201 |     89 |     53 |   2486 |   7 |  470.0 |
               +--------+--------+--------+--------+--------+-----+--------+

Top non-repeatable levels by time:
     D:4: 969 daAuts
     D:1: 752 daAuts
     D:3: 693 daAuts
     D:2: 663 daAuts
     D:8: 175 daAuts
     D:5: 33 daAuts
     D:7: 1 daAuts
